 Dungeon Crawl Stone Soup version 0.29.1-14-g9c671dbff4 (webtiles) character file.

Game seed: 6656773064071260084

40 Gabide the Trooper (level 3, -1/29 HPs)
             Began as a Mummy Berserker on Feb 16, 2023.
             Was a Follower of Trog.
             Slain by a howler monkey (6 damage)
             ... on level 2 of the Dungeon.
             The game lasted 00:01:58 (1513 turns).

Gabide the Trooper (Mummy Berserker)                Turns: 1513, Time: 00:01:59

Health: -1/29      AC:  5    Str: 22    XL:     3   Next: 30%
Magic:  3/3        EV: 11    Int:  6    God:    Trog [*.....]
Gold:   23         SH:  0    Dex: 11    Spells: 2/2 levels left

rFire   x . .      SeeInvis +     - Unarmed
rCold   + . .      Faith    +   (no shield)
rNeg    + + +      Spirit   .   g - +0 ring mail
rPois   ∞          Reflect  .   (no helmet)
rElec   .          Harm     .   (no cloak)
rCorr   .          Rampage  .   (no gloves)
Will    .....                   (no boots)
Stlth   +.........              d - amulet of faith
HPRegen 0.09/turn               b - ring of see invisible
MPRegen 0.08/turn               (no ring)

@: no status effects
A: cold resistance 1, negative energy resistance 3, torment resistance 2, heat
vulnerability 1, in touch with death 1, no potions
a: Renounce Religion


You were on level 2 of the Dungeon.
You worshipped Trog.
Trog was aware of your devotion.
You visited 1 branch of the dungeon, and saw 2 of its levels.

You collected 23 gold pieces.

Inventory:

Missiles
 c - 2 throwing nets (quivered)
Armour
 g - a +0 ring mail (worn)
Jewellery
 b - a ring of see invisible (left hand)
 d - an amulet of faith (around neck)
Scrolls
 a - a scroll of summoning {unknown}
 e - a scroll of identify {unknown}
 f - a scroll of teleportation {unknown}


   Skills:
 + Level 3.3 Fighting
 - Level 1.5 Armour
 + Level 2.0 Dodging
 * Level 3.1 Unarmed Combat


You had 2 spell levels left.
You didn't know any spells.
Your spell library was empty.

Dungeon Overview and Level Annotations

Branches:
Dungeon (2/15)

Altars:

Shops:
D:1 [

Annotations:
D:2 Sigmund


Innate Abilities, Weirdness & Mutations

You are immune to poison.
Your flesh is cold resistant. (rC+)
You are immune to negative energy. (rN+++)
You are immune to unholy pain and torment.
You are vulnerable to heat. (rF-)
You are in touch with the powers of death.
You do not drink.


Message History

Sigmund the Dreaded comes into view.
He is wielding a +0 scythe and wearing a +2 robe of cold resistance.
The howler monkey barely misses you. The adder misses you.
The kobold hits you with a +0 short sword.
The rat bites you but does no damage.
The howler monkey attacks as you move away!
The howler monkey hits you but does no damage.
The rat bites you but does no damage. The kobold attacks as you move away!
The kobold hits you but does no damage. The rat attacks as you move away!
The rat barely misses you.
You closely miss the howler monkey.
The howler monkey is heavily wounded.
The howler monkey hits you.
The howler monkey hoots and howls with incredible vigour!
You closely miss the howler monkey.
The howler monkey is heavily wounded.
The howler monkey hits you.
You hit the howler monkey but do no damage.
The howler monkey is heavily wounded.
The howler monkey closely misses you.
You closely miss the howler monkey.
The howler monkey is heavily wounded.
The howler monkey hits you.
You punch the howler monkey!
The howler monkey is almost dead.
The howler monkey hits you.
You hit the howler monkey but do no damage.
The howler monkey is almost dead.
The howler monkey hoots and howls with incredible vigour!
Sigmund hits you from afar with a +0 scythe.
The howler monkey barely misses you.
The howler monkey hoots and howls with incredible vigour!
The howler monkey hoots and howls with incredible vigour!
Sigmund casts a spell.
Sigmund flickers and vanishes for a moment.
The howler monkey attacks as you move away!
The howler monkey barely misses you. The howler monkey hits you!
* * * LOW HITPOINT WARNING * * *
The howler monkey hits you.
You die...

#.###########..###..#.#.#######
#.# ##.###..#...# #.#
#..##........ #.#
#######.###.#####.# #.#
#...........### .# #.#
#.######......# # #.# #.#
#......# ..# #.#
####......###.# ### #.#
#<..@.........# #.#
####.h....#### #.######......#
#[.....'.@....##
########S.....>...#
#K########..# ########.# !.
#...KS.r.# #...r#######


You could see Sigmund (invisible), a howler monkey, an adder, a kobold and a
rat.

Vanquished Creatures
  An adder (D:2)
  2 worms (D:2)
  A ball python (D:2)
  5 bats
  2 endoplasms
  2 giant cockroaches
  4 goblins
  2 hobgoblins
  3 kobolds
  2 frilled lizards (D:1)
  A rat (D:1)
25 creatures vanquished.

Notes
Turn   | Place    | Note
-------+----------+-------------------------------------------
     0 | D:1      | Gabide the Mummy Berserker began the quest for the Orb.
     0 | D:1      | Reached XP level 1. HP: 18/18 MP: 1/1
   411 | D:1      | Found Yso Amos's Armour Boutique.
   424 | D:1      | Reached XP level 2. HP: 24/24 MP: 2/2
   612 | D:1      | HP: 1/24 [kobold/+0 short sword (4)]
   900 | D:1      | Found a faded altar of an unknown god.
  1160 | D:2      | Gained mutation: You are in touch with the powers of death.
                  | [Mummy growth]
  1160 | D:2      | Reached XP level 3. HP: 20/29 MP: 3/3
  1493 | D:2      | Noticed Sigmund
  1513 | D:2      | Slain by a howler monkey

Illustrated notes

Levels and vault maps discovered:
D:1:      amcnicky_arrival_flooded_fountain, layout_basic, serial_shops,
          nicolae_shop_statue_plus, shapermc_ecumenical_altar_pompeii
D:2:      layout_basic, uniq_sigmund

Skill      XL: |  1  2 |
---------------+-------+-----
Dodging        | 2 |  2.0
Unarmed Combat | 3 |  3.1
Fighting       | |  3.3
Armour         | |  1.5

Action                   || total
-------------------------++-------
Melee: Unarmed           ||   100
       Punch             ||     1
Throw: Throwing net      ||     2
 Stab: Held in net/web   ||     1
Armor: Animal skin       ||    10
       Ring mail         ||    21
Dodge: Dodged            ||   100
